 Dungeon Crawl Stone Soup version 0.21.1-1-g345015f (webtiles) character file.

116 inc the Conjurer (level 5, -4/31 HPs)
             Began as an Octopode Wizard on Apr 28, 2018.
             Slain by a worker ant (8 damage)
             ... on level 3 of the Dungeon.
             The game lasted 00:07:46 (3354 turns).

inc the Conjurer (Octopode Wizard)                  Turns: 3354, Time: 00:07:47

Health: -4/31      AC:  1    Str:  6 (7)  XL:     5   Next: 1%
Magic:  5/9        EV: 13    Int: 18 (21) God:
Gold:   166        SH:  3    Dex:  9 (10) Spells: 7/10 levels left

rFire    . . .     SeeInvis .   (no weapon)
rCold    . . .     Gourm    .   i - +0 buckler
rNeg     . . .     Faith    .   a - +0 hat
rPois    .         Spirit   .   (no amulet)
rElec    .         Reflect  .   m - ring of flight
rCorr    .         Harm     .   (no ring)
MR       .....                  (no ring)
Stlth    +++.......             (no ring)
HPRegen  0.10/turn              (no ring)
MPRegen  0.11/turn              (no ring)
                                (no ring)
                                (no ring)

@: no status effects
A: almost no armour, stealthy swim, amphibious, 8 rings, constrict 8, camouflage
1, gelatinous body 1
a: Evoke Flight


You were on level 3 of the Dungeon.
You were not hungry.

You visited 1 branch of the dungeon, and saw 5 of its levels.

You collected 166 gold pieces.

Inventory:

Armour
 a - a +0 hat (worn)
 i - a +0 buckler (worn)
Jewellery
 m - a ring of flight (left tentacle)
Scrolls
 d - a scroll of blinking {unknown}
 h - 2 scrolls of enchant weapon
 n - a scroll of remove curse {unknown}
Books
 b - a book of Minor Magic

   Spells                             Type                      Level
   a - Magic Dart                     Conjuration                  1
   b - Blink                          Translocation                2
   c - Call Imp                       Summoning                    2
   d - Slow                           Hexes                        2
   e - Conjure Flame                  Conjuration/Fire             3
   f - Mephitic Cloud                 Conjuration/Poison/Air       3
 j - a book of Misfortune

   Spells                             Type                      Level
   a - Confusing Touch                Hexes                        1
   b - Confuse                        Hexes                        3
   c - Gell's Gravitas                Translocation                3
   d - Petrify                        Transmutation/Earth          4
   e - Metabolic Englaciation         Hexes/Ice                    5
   f - Yara's Violent Unravelling     Hexes/Transmutation          5
Comestibles
 c - 5 rations
 f - a chunk of flesh


   Skills:
 - Level 2.0 Dodging
 - Level 2.6 Stealth
 + Level 2.0 Shields
 - Level 3.0 Spellcasting
 - Level 4.0 Conjurations
   Level 1.0 Summonings
 - Level 1.0 Translocations


You had 7 spell levels left.
You knew the following spells:

 Your Spells              Type           Power        Failure   Level  Hunger
a - Magic Dart            Conj           ###.         4%          1    None
b - Blink                 Tloc           N/A          21%         2    ##.....


Dungeon Overview and Level Annotations

Branches:
Dungeon (5/15)
 Temple: D:4-7

Altars:

Shops:
D:4 (

Annotations:
D:2 Terence
D:3 simples's ghost, amateur DrCj
D:5 Blork the orc


Innate Abilities, Weirdness & Mutations

You cannot wear most types of armour.
You are very stealthy in the water. (Stealth+)
You are amphibious.
You can wear up to eight rings at the same time.
You can use your tentacles to constrict eight enemies at once.
Your skin changes colour to match your surroundings (Stealth+).
Your rubbery body absorbs attacks. (AC +1, EV +1)


Message History

You climb upwards.
Level annotation: simples's ghost, amateur DrCj Simples's ghost gestures at you while chanting.
The magic dart hits you!
Simples's ghost screams, "Very impressive.
But it won't help.
Nothing will."
There is a stone staircase leading down here.
The worker ant bites you.
* * * LOW HITPOINT WARNING * * *
The worker ant waves its antennae.
The worker ant bites you.
* * * LOW HITPOINT WARNING * * *
Casting: Magic Dart
Confirm with . or Enter, or press ? or * to list all spells.
Aiming: Magic Dart
Press: ? - help, Shift-Dir - straight line, f - worker ant
Aim: a worker ant The magic dart hits the worker ant.
The worker ant is moderately wounded.
The worker ant bites you!
You die...

+.....####...#............. #.
###.#†.#.........##....... ...
#####'##.###....#..##......# ...
#........# #....#..##......#+#...
#........# #....#..##............
#........# #.......# #...........
#........# #.....#.# #...........
#......†.# #.....#.###.......#
#........# #....@#.....#####.#
...####..# #....a#>....# #.#
......#..# ##...##.....#####.###
......#..####...#...W..........+.
......#......................###.
......+.##...####.#..............
......##.....# #.#.############.
...<.#......... #.#.#......#...#.
####.#..........#.#........#...#.


You could see a worker ant.

Vanquished Creatures
  5 adders
  An ooze (D:2)
  An adder skeleton (D:5)
  A worm (D:3)
  5 dart slugs
  2 leopard geckos (D:3)
  2 orcs (D:3)
  2 ball pythons
  2 giant cockroaches (D:1)
  5 hobgoblins
  7 jackals
  5 bats
  3 frilled lizards
  2 goblins (D:1)
  3 kobolds (D:1)
  4 rats
50 creatures vanquished.

Notes
Turn   | Place    | Note
-------+----------+-------------------------------------------
     0 | D:1      | inc the Octopode Wizard began the quest for the Orb.
     0 | D:1      | Reached XP level 1. HP: 11/11 MP: 4/4
   256 | D:1      | Reached skill level 2 in Conjurations
   256 | D:1      | Reached XP level 2. HP: 14/17 MP: 0/6
   954 | D:1      | Reached XP level 3. HP: 18/21 MP: 0/7
  1021 | D:1      | Learned a level 2 spell: Blink
  1143 | D:1      | Reached skill level 3 in Conjurations
  1951 | D:2      | Noticed Terence
  2440 | D:3      | Reached XP level 4. HP: 27/27 MP: 4/8
  2508 | D:3      | Reached skill level 4 in Conjurations
  2683 | D:3      | Reached skill level 1 in Shields
  2703 | D:3      | Noticed simples's ghost (amateur DrCj)
  2913 | D:4      | Found Aghexar's Antique Weapon Shoppe.
  2918 | D:4      | HP: 1/27 [hound (2)]
  2921 | D:5      | Entered Level 5 of the Dungeon
  2921 | D:5      | Noticed Blork the orc
  3224 | D:5      | Reached XP level 5. HP: 31/31 MP: 5/9
  3226 | D:5      | Noticed a phantom
  3354 | D:3      | Slain by a worker ant

Skill      XL: |  1  2  3  4 |
---------------+-------------+-----
Conjurations   | 2 3 4 |  4.0
Shields        | 2 |  2.0
Dodging        | |  2.0
Stealth        | |  2.6
Spellcasting   | |  3.0
Summonings     | |  1.0
Translocations | |  1.0

Action                   |  1- 3 |  4- 6 || total
-------------------------+-------+-------++-------
Melee: Unarmed           |    48 |     3 ||    51
       Constrict         |     8 |       ||     8
       Tentacles         |     6 |       ||     6
 Cast: Magic Dart        |    84 |    52 ||   136
  Use: Scroll            |       |     4 ||     4
       Potion            |       |     2 ||     2
  Eat: Chunk             |     4 |     3 ||     7
Armor: Skin              |     7 |       ||     7
Dodge: Dodged            |    31 |    19 ||    50
Block: Buckler           |       |     2 ||     2
